Map: Abyssal Reef LE

Players

llllllllllll - Winner!

  • Race: Protoss Protoss
  • League: Diamond
  • Spawn Location: 5:00

Funktastic

  • Race: Terran Terran
  • League: Master
  • Spawn Location: 11:00

VOD

Have the link to the VOD?

Description

Time

  • Played on: Jan. 13, 2018, 8:42 p.m.
  • Length: 10:46
Show
View Real Time Build Order
Export as new Build Order

llllllllllll Protoss - Winner!

Build Orders: 1 Gate Expand 

Get SALT Encoding   

  12  0:00  Probe  
  13  0:13  Probe  
  14  0:17  Pylon  
  14  0:25  Probe  
  15  0:37  Probe (Chrono Boost)  
  15  0:40  Gateway  
  16  0:49  Probe (Chrono Boost)  
  17  0:52  Assimilator  
  17  0:54  Probe (Chrono Boost)  
  18  1:03  Probe  
  19  1:16  Probe  
  20  1:27  Nexus  
  20  1:36  Cybernetics Core  
  20  1:42  Assimilator  
  20  1:45  Probe  
  21  1:53  Pylon  
  20  1:58  Probe  
  21  2:10  Stalker (Chrono Boost), Probe  
  21  2:13  Warp Gate  
  24  2:23  Probe  
  25  2:32  Stalker  
  25  2:35  Probe (Chrono Boost)  
  28  2:39  Robotics Facility  
  28  2:42  Probe (Chrono Boost)  
  29  2:47  Probe (Chrono Boost)  
  31  2:52  Probe (Chrono Boost)  
  31  2:53  Probe (Chrono Boost)  
  31  2:57  Probe (Chrono Boost)  
  32  3:02  Pylon  
  32  3:04  Probe  
  34  3:10  Probe  
  35  3:16  Probe  
  36  3:20  Stalker  
  36  3:22  Probe  
  36  3:26  Observer  
  40  3:28  Probe  
  40  3:30  Shield Battery  
  41  3:34  Probe  
  41  3:36  Shield Battery  
  41  3:40  Probe  
  43  3:45  Gateway  
  43  3:46  Probe  
  44  3:49  Gateway  
  43  4:02  Immortal (Chrono Boost)  
  43  4:04  Pylon  
  46  4:17  Shield Battery  
  46  4:19  Stalker  
  48  4:31  Immortal (Chrono Boost)  
  31  4:47  Stalker  
  29  5:00  Stalker  
  29  5:04  Stalker  
  33  5:08  Probe (Chrono Boost)  
  33  5:09  Probe (Chrono Boost)  
  35  5:20  Probe (Chrono Boost)  
  35  5:21  Probe (Chrono Boost)  
  37  5:26  Probe x2 (Chrono Boost)  
  37  5:27  Stalker x2  
  43  5:30  Stalker  
  43  5:34  Probe x2  
  47  5:41  Immortal (Chrono Boost)  
  51  5:52  Stalker  
  53  5:57  Stalker  
  53  6:01  Stalker  
  57  6:11  Immortal (Chrono Boost)  
  61  6:23  Pylon  
  61  6:26  Pylon  
  61  6:42  Stalker  
  61  6:43  Stalker x2  
  67  6:49  Immortal (Chrono Boost)  
  71  6:58  Pylon  
  71  7:09  Shield Battery  
  71  7:12  Sentry  
  71  7:14  Stalker x2  
  77  7:16  Shield Battery  
  77  7:28  Pylon  
  77  7:36  Stalker, Gateway  
  79  7:38  Stalker  
  63  8:05  Stalker x3  
  49  8:10  Probe x2  
  51  8:13  Assimilator  
  51  8:22  Probe x2  
  51  8:26  Immortal  
  57  8:34  Stalker  
  57  8:35  Stalker  
  53  8:43  Zealot x2  
  51  9:10  Probe x2  
  51  9:11  Pylon  
  52  9:22  Probe x2  
  54  9:30  Zealot x2  
  58  9:37  Stalker x2  
  62  9:39  Immortal (Chrono Boost)  
  59  10:02  Stalker x3  
  65  10:07  Zealot  
  67  10:15  Probe x2  
  67  10:24  Gateway  
  65  10:28  Zealot  
  65  10:29  Zealot  
  65  10:32  Probe  
Show
View Real Time Build Order
Export as new Build Order

Funktastic Terran 

Build Orders: Cyclone Opening 

Get SALT Encoding   

  12  0:01  SCV  
  13  0:13  SCV  
  14  0:18  Supply Depot  
  14  0:25  SCV  
  15  0:40  SCV  
  15  0:41  Barracks  
  16  0:45  Refinery  
  16  0:52  SCV  
  17  1:00  Supply Depot  
  17  1:04  SCV  
  18  1:10  Refinery  
  18  1:16  SCV  
  19  1:28  Orbital Command, Marine  
  20  1:43  Factory  
  20  1:58  SCV  
  20  1:59  Barracks Reactor  
  21  2:04  Barracks  
  21  2:10  SCV  
  22  2:15  Supply Depot  
  22  2:22  SCV  
  23  2:40  SCV  
  23  2:43  Cyclone x2  
  30  2:45  Barracks Tech Lab  
  30  2:52  Supply Depot, SCV  
  30  2:53  Marine  
  32  3:04  Concussive Shells, Marauder  
  34  3:06  SCV  
  35  3:15  Supply Depot  
  35  3:18  Cyclone  
  38  3:28  Cyclone  
  38  3:30  Marine  
  42  3:35  Marauder  
  44  3:41  Supply Depot  
  44  3:44  SCV  
  45  4:06  Marauder, Marine  
  45  4:07  Cyclone, SCV  
  49  4:43  Marine  
  49  4:44  SCV, Marauder  
  43  4:56  SCV  
  41  5:00  Cyclone x2  
  41  5:01  Marine  
  41  5:05  Marauder  
  50  5:08  SCV  
  50  5:19  Marine  
  50  5:20  SCV  
  52  5:27  Marauder  
  54  5:32  SCV  
  54  5:33  Starport  
  55  5:37  Marine  
  55  5:38  Supply Depot  
  55  5:41  Supply Depot  
  56  5:44  SCV  
  56  5:48  Marine  
  58  5:55  Marine  
  58  5:57  SCV  
  60  6:06  Cyclone x2  
  60  6:07  Marauder  
  60  6:09  SCV  
  69  6:17  Liberator  
  69  6:20  Marine  
  69  6:21  SCV  
  71  6:25  Supply Depot  
  71  6:26  Supply Depot  
  71  6:31  Marine  
  72  6:36  SCV  
  72  6:38  Marine  
  77  6:42  Bunker  
  77  6:47  Bunker  
  77  6:58  Marine x2  
  77  6:59  Cyclone  
  77  7:00  SCV  
  83  7:03  Liberator  
  83  7:20  Marine x2  
  83  7:21  SCV  
  77  7:53  Liberator  
  61  8:09  Marine x2  
  61  8:11  Cyclone  
  61  8:12  SCV  
  70  8:21  Command Center  
  70  8:24  SCV  
  71  8:27  Marine  
  66  8:53  Cyclone x2, Marine  
  51  9:07  Marine  
  51  9:08  SCV  
  52  9:20  SCV  
  53  9:34  Orbital Command  
  53  9:47  Refinery  
  53  9:59  Cyclone  
  54  10:07  Marine  
  54  10:08  Starport Reactor  
  54  10:10  Barracks Reactor  
  50  10:23  SCV x2  
  50  10:25  Marine  
Tags
 
Add a new tag
Caveats
  • Supply blocks, unpowered buildings, or Contaminate may cause inaccurate times.
  • Supply counts are checked every 10 seconds.